Map: 紫夜-天梯版

Players

原为君羊 - Winner!

  • Race: Zerg Zerg
  • League: Master

SkyHawk

  • Race: Protoss Protoss
  • League: Grandmaster

VOD

Have the link to the VOD?

Description

Time

  • Played on: May 14, 2020, 11:22 a.m.
  • Length: 9:45
Show
View Real Time Build Order
Export as new Build Order

原为君羊 Zerg - Winner!

Build Orders: Hatch First 

Get SALT Encoding   

  12  0:00  Drone  
  13  0:13  Overlord  
  13  0:16  Drone  
  14  0:31  Drone x2  
  16  0:43  Drone  
  17  0:52  Hatchery  
  17  0:54  Drone  
  17  0:59  Drone  
  18  1:09  Extractor  
  17  1:16  Spawning Pool  
  17  1:17  Drone  
  17  1:19  Drone  
  18  1:30  Drone  
  19  1:39  Drone  
  20  1:52  Overlord  
  20  2:05  Queen x2  
  20  2:06  Zergling x4  
  26  2:12  Drone  
  26  2:15  Metabolic Boost, Drone  
  28  2:22  Drone  
  29  2:25  Drone  
  30  2:34  Drone  
  30  2:36  Drone  
  32  2:39  Hatchery  
  31  2:44  Drone  
  31  2:47  Drone  
  33  2:53  Roach Warren  
  32  2:58  Overlord  
  32  3:00  Overlord  
  32  3:13  Drone x2  
  32  3:16  Drone  
  35  3:23  Overlord  
  35  3:24  Drone  
  35  3:25  Queen, Drone x2  
  35  3:26  Drone  
  41  3:29  Drone  
  41  3:30  Drone  
  42  3:34  Drone  
  42  3:40  Lair  
  43  3:44  Drone x2  
  45  3:48  Drone  
  45  3:51  Drone x2  
  45  3:53  Drone x2  
  45  3:55  Extractor  
  49  3:56  Extractor  
  49  3:57  Roach  
  49  3:59  Roach  
  49  4:02  Roach  
  54  4:07  Queen  
  56  4:13  Spore Crawler  
  56  4:14  Roach  
  57  4:17  Overlord  
  57  4:18  Overlord  
  57  4:31  Overlord  
  57  4:37  Overseer  
  57  4:38  Zergling x8  
  58  4:39  Zergling x2, Drone x3  
  58  4:44  Drone  
  66  4:46  Drone  
  66  4:48  Overseer  
  66  4:50  Drone x2  
  66  4:51  Drone x2  
  71  4:55  Roach  
  73  5:01  Roach  
  73  5:02  Roach  
  73  5:06  Drone x2  
  79  5:08  Spore Crawler, Drone x2  
  79  5:09  Drone  
  81  5:15  Glial Reconstitution  
  81  5:24  Extractor  
  81  5:25  Extractor  
  81  5:26  Overlord  
  77  5:37  Roach  
  77  5:40  Roach  
  77  5:41  Overlord x3  
  81  5:44  Roach x4  
  89  5:53  Overlord  
  89  5:54  Overlord x3  
  89  5:57  Overlord  
  89  6:00  Roach x2  
  89  6:01  Roach x3  
  89  6:03  Roach x2  
  103  6:05  Zergling x2  
  103  6:07  Zergling x2  
  105  6:15  Roach  
  105  6:16  Roach x2  
  111  6:19  Zergling x2  
  111  6:22  Zergling x2  
  111  6:25  Zergling x2  
  114  6:28  Zergling x2  
  114  6:32  Ravager x3  
  120  6:33  Ravager x3  
  120  6:35  Zergling x2  
  120  6:36  Zergling x2  
  123  6:44  Zergling x12  
  123  6:45  Zergling x2  
  129  6:48  Queen  
  129  6:52  Overlord  
  131  6:57  Overlord x5  
  131  7:04  Zergling x2  
  131  7:05  Zergling x2  
  131  7:06  Zergling x2  
  131  7:07  Zergling x2  
  136  7:08  Ravager x2  
  136  7:09  Ravager x4  
  136  7:13  Zergling x2  
  136  7:14  Zergling x6  
  136  7:15  Zergling x2  
  146  7:16  Zergling x2  
  146  7:22  Zergling x2  
  148  7:32  Zergling x2  
  148  7:33  Zergling x10  
  144  7:39  Zergling x8  
  144  7:41  Overseer  
  148  7:46  Zergling x2  
  148  7:48  Zergling x2  
  147  7:51  Zergling x2  
  123  8:00  Zergling x8  
  123  8:04  Zergling x2  
  104  8:14  Zergling x2  
  104  8:15  Zergling x10  
  99  8:21  Zergling x2  
  99  8:22  Zergling x2  
  99  8:23  Zergling x2  
  99  8:26  Overseer  
  94  8:28  Roach  
  94  8:33  Spawning Pool  
  97  8:34  Roach  
  97  8:35  Roach  
  97  8:39  Roach  
  97  8:41  Roach  
  81  9:15  Roach  
  81  9:16  Roach x6  
  90  9:22  Zergling x2  
Show
View Real Time Build Order
Export as new Build Order

SkyHawk Protoss 

Build Orders: 1 Gate Expand, Archon Immortal, Archon Drop, Dark Templar Rush 

Get SALT Encoding   

  12  0:01  Probe  
  13  0:13  Probe  
  14  0:20  Pylon  
  14  0:25  Probe  
  15  0:38  Probe (Chrono Boost)  
  15  0:40  Gateway  
  16  0:48  Probe (Chrono Boost), Assimilator  
  17  0:52  Probe (Chrono Boost)  
  18  1:04  Probe  
  19  1:16  Probe  
  20  1:24  Nexus  
  20  1:34  Cybernetics Core  
  20  1:39  Assimilator  
  20  1:40  Probe  
  21  1:48  Pylon  
  21  1:52  Probe  
  22  2:05  Probe  
  22  2:08  Adept (Chrono Boost)  
  23  2:11  Warp Gate  
  25  2:17  Probe  
  26  2:25  Twilight Council  
  26  2:29  Probe (Chrono Boost)  
  27  2:33  Stalker  
  27  2:36  Probe (Chrono Boost)  
  30  2:41  Probe (Chrono Boost)  
  31  2:45  Probe (Chrono Boost)  
  31  2:49  Probe (Chrono Boost)  
  31  2:50  Probe (Chrono Boost)  
  34  3:00  Probe  
  34  3:01  Robotics Facility  
  34  3:03  Probe  
  37  3:12  Probe  
  37  3:15  Probe  
  38  3:25  Probe  
  40  3:27  Probe  
  40  3:30  Dark Shrine  
  40  3:33  Gateway x2  
  40  3:35  Gateway  
  40  3:37  Probe  
  40  3:40  Probe  
  42  3:45  Warp Prism (Chrono Boost)  
  42  3:51  Assimilator  
  42  3:53  Assimilator  
  42  3:55  Pylon  
  44  3:58  Pylon  
  44  4:01  Probe  
  44  4:02  Probe  
  46  4:13  Probe  
  46  4:14  Probe  
  48  4:25  Probe  
  48  4:26  Probe  
  50  4:34  Pylon  
  50  4:42  Dark Templar x4, Immortal (Chrono Boost)  
  62  5:03  Gateway  
  62  5:04  Gateway  
  62  5:06  Gateway  
  62  5:08  Gateway  
  62  5:13  Immortal (Chrono Boost)  
  62  5:14  Archon  
  62  5:15  Archon  
  62  5:20  Pylon  
  66  5:26  Probe  
  67  5:32  Probe  
  67  5:34  Charge (Chrono Boost)  
  68  5:36  Pylon  
  68  5:38  Nexus  
  68  5:50  Immortal (Chrono Boost)  
  72  5:57  Sentry x4  
  72  5:58  Sentry  
  72  5:59  Pylon  
  82  6:08  Pylon  
  82  6:11  Zealot x2  
  86  6:22  Sentry, Observer  
  86  6:24  Sentry  
  91  6:26  Zealot x4  
  91  6:31  Pylon  
  99  6:32  Pylon  
  99  6:44  Probe x2  
  101  6:54  Dark Templar x2  
  101  6:56  Zealot x5  
  101  6:59  Zealot  
  117  7:03  Probe x3  
  120  7:26  Probe  
  119  7:30  Probe, Robotics Facility  
  119  7:32  Shield Battery  
  119  7:34  Shield Battery  
  119  7:36  Probe, Shield Battery  
  101  7:38  Probe  
  102  7:46  Sentry x4  
  102  7:48  Zealot x2  
  100  8:03  Zealot x2  
  86  8:14  Zealot x6  
  86  8:16  Immortal (Chrono Boost)  
  66  8:27  Dark Templar x2  
  67  8:35  Stalker x6  
  67  8:41  Shield Battery x2  
  73  8:44  Shield Battery  
  68  8:59  Zealot x4  
  56  9:07  Zealot  
  43  9:16  Dark Templar  
  37  9:22  Sentry  
  35  9:26  Sentry  
Tags
 
Add a new tag
Caveats
  • Supply blocks, unpowered buildings, or Contaminate may cause inaccurate times.
  • Supply counts are checked every 10 seconds.